 Dungeon Crawl Stone Soup version 0.17.0-15-g6d90897 (webtiles) character file.

355 septik the Cudgeler (level 6, 0/37 HPs)
             Began as a Gargoyle Fighter on Nov 10, 2015.
             Slain by an ogre
             ... wielding a +0 giant club
              (12 damage)
             ... on level 4 of the Dungeon.
             The game lasted 00:04:55 (2825 turns).

septik the Cudgeler (Gargoyle Fighter)              Turns: 2825, Time: 00:04:56

Health: 0/37       AC: 14    Str: 19    XL:     6   Next: 63%
Magic:  6/6        EV:  5    Int:  9    God:
Gold:   95         SH:  0    Dex: 11    Spells: 0 memorised, 5 levels left

rFire  . . .     SeeInvis .     l - +1 whip (drain)
rCold  . . .     Clarity  .     y - +0 chain mail
rNeg   + . .     SustAt   .     c - +0 shield
rPois  ∞         Gourm    .     (no helmet)
rElec  +         Spirit   .     (no cloak)
rCorr  .         Warding  .     x - +0 pair of gloves
rMut   .         Stasis   .     (no boots)
MR     .....                    (no amulet)
Stlth  ..........               (no ring)
                                (no ring)

@: confused, not resistant to hostile enchantments, extremely unstealthy
A: negative energy resistance 1, electricity resistance, unbreathing,
petrification resistance, rot immunity, AC +4
a: no special abilities


You were on level 4 of the Dungeon.
You were hungry.

You visited 1 branch of the dungeon, and saw 4 of its levels.

You collected 95 gold pieces.

Inventory:

Hand Weapons
 a - a +0 flail
 l - a +1 whip of draining (weapon)
Missiles
 f - 182 stones (quivered)
 i - 18 sling bullets of flame
 o - 8 sling bullets
Armour
 b - a +0 scale mail
 c - a +0 shield (worn)
 x - a +0 pair of gloves (worn)
 y - a +0 chain mail (worn)
Scrolls
 g - a scroll of fear {unknown}
 j - a scroll of amnesia {unknown}
 k - a scroll of blinking {unknown}
 n - a scroll of fog {unknown}
 p - a scroll of teleportation {unknown}
 q - a scroll of recharging {unknown}
 u - a scroll of noise {unknown}
 v - 2 scrolls of identify {unknown}
Potions
 d - a potion of might
 h - a potion of flight {unknown}
 m - 2 potions of curing {unknown}
 r - a potion of agility {unknown}
 s - 2 potions of haste {unknown}
 w - a potion of cancellation {unknown}
 z - a potion of heal wounds {unknown}
 C - a potion of invisibility {unknown}
Comestibles
 e - 3 bread rations
 t - a meat ration
 A - a beef jerky
 B - 6 chunks of flesh
 D - a slice of pizza


   Skills:
 - Level 3.4 Fighting
 + Level 6.7 Maces & Flails
 - Level 3.3 Armour
 - Level 3.4 Shields


You had 5 spell levels left.
You didn't know any spells.

Dungeon Overview and Level Annotations

Branches:
Dungeon (4/15)
 Temple: D:4-7

Altars:
Gozag
Qazlal
Xom


Innate Abilities, Weirdness & Mutations

You are resistant to torment.
Your stone body is resilient (AC +4).
You are immune to poison.
You resist negative energy.
You are resistant to electric shocks.
You can survive without breathing.
You are immune to petrification.
You are immune to rotting.


Message History

You kill the orc!
You bump into the rock wall.
Something hits you but does no damage.
You miss something.
You hear some strange, mumbled words.
You are more confused.
You closely miss something. Something hits you but does no damage.
You hit something.
You hear some strange, mumbled words.
You are more confused.
A magic dart appears from out of thin air!
The magic dart hits you!
You bump into the rock wall.
You bump into the rock wall.
Something hits you but does no damage.
You hit something but do no damage.
Reactivating autopickup.
You feel a bit more experienced. The ogre hits you with a giant club!
You bump into the rock wall.
You barely miss the ogre. The ogre hits you with a giant club!
You die...

..##....##.....'_'..#
#.......##.#..♣###♣.#
####.......#..♣ ♣♣.#
#.....###..# #..#
#..#.......# #.##
#.##.......# ##.#
###.##.####..# #.<#
#......# #.<###..#
....#@..## #..##)).#
. ###O### #..##...#
##)# #..##..##
######..# #.÷#...#
######......##
#......#
#......###..#
#...#..# #####.######
#.## #.######
......#### #.# #.#
#........#####.# #.


You could see an ogre.

Vanquished Creatures
  A giant frog (D:4)
  3 orc wizards (D:4)
  A giant frog skeleton (D:3)
  11 adders
  2 worms (D:3)
  8 orcs (D:4)
  9 bats
  4 giant cockroaches
  4 goblins
  5 hobgoblins
  16 jackals
  9 kobolds
  4 giant newts
  A quokka (D:2)
  9 rats
87 creatures vanquished.

Notes
Turn   | Place    | Note
--------------------------------------------------------------
     0 | D:1      | septik the Gargoyle Fighter began the quest for the Orb.
     0 | D:1      | Reached XP level 1. HP: 14/14 MP: 1/1
   286 | D:1      | Reached XP level 2. HP: 16/19 MP: 2/2
   944 | D:2      | Reached XP level 3. HP: 23/23 MP: 3/3
  1265 | D:2      | Reached skill level 4 in Maces & Flails
  1265 | D:2      | Reached XP level 4. HP: 28/28 MP: 4/4
  1429 | D:2      | Found a stormy altar of Qazlal.
  1952 | D:3      | Reached XP level 5. HP: 22/32 MP: 5/5
  2066 | D:3      | Reached skill level 5 in Maces & Flails
  2228 | D:3      | Found a shimmering altar of Xom.
  2646 | D:4      | Reached skill level 6 in Maces & Flails
  2646 | D:4      | Reached XP level 6. HP: 37/37 MP: 6/6
  2676 | D:4      | Found an opulent altar of Gozag.
  2782 | D:4      | Noticed an ogre
  2825 | D:4      | Slain by an ogre

Action                   |  1- 3 |  4- 6 || total
-------------------------+-------+-------++-------
Melee: Flail             |    43 |       ||    43
       Whip              |    72 |   222 ||   294
  Eat: Chunk             |     1 |     5 ||     6
